 Dungeon Crawl Stone Soup version 0.16.2-12-gd0ad4c3 (webtiles) character file.

43 DarkTechnomancer the Magician (level 3, 0/19 HPs)
             Began as a Gargoyle Wizard on Oct 25, 2015.
             Slain by an adder (4 damage)
             ... on level 2 of the Dungeon.
             The game lasted 00:07:55 (1518 turns).

DarkTechnomancer the Magician (Gargoyle Wizard)     Turns: 1518, Time: 00:07:55

Health: 0/19       AC:  8    Str: 10    XL:     3   Next: 58%
Magic:  0/8        EV: 10    Int: 19    God:
Gold:   108        SH:  0    Dex:  8    Spells: 1 memorised, 7 levels left

rFire  . . .     SeeInvis .     o - +0 mace
rCold  . . .     Clarity  .     e - +0 ring mail
rNeg   + . .     SustAb   .     (no shield)
rPois  ∞         Gourm    .     b - +0 hat
rElec  +         Spirit   .     (no cloak)
rCorr  .         Warding  .     (no gloves)
rMut   .         Stasis   .     (no boots)
MR     .....                    (no amulet)
Stlth  +.........               (no ring)
                                (no ring)

@: very slightly contaminated, not resistant to hostile enchantments, very
unstealthy
A: negative energy resistance 1, electricity resistance, unbreathing,
petrification resistance, rot immunity, AC +3
a: no special abilities


You were on level 2 of the Dungeon.
You were full.

You visited 1 branch of the dungeon, and saw 2 of its levels.

You collected 108 gold pieces.

Inventory:

Hand weapons
 o - a +0 mace (weapon)
Armour
 b - a +0 hat (worn)
 e - a +0 ring mail (worn)
Scrolls
 a - 3 scrolls of identify {unknown}
 g - a scroll of remove curse {unknown}
 h - a scroll of enchant weapon {unknown}
 j - a scroll of random uselessness {unknown}
 k - a scroll of amnesia {unknown}
 n - 2 scrolls of magic mapping {unknown}
Potions
 f - a potion of agility {unknown}
 i - a potion of invisibility {unknown}
 l - 2 potions of curing {unknown}
 p - a potion of flight {unknown}
Books
 c - a book of Minor Magic

   Spells                             Type                      Level
   a - Magic Dart                     Conjuration                  1
   b - Blink                          Translocation                2
   c - Call Imp                       Summoning                    2
   d - Repel Missiles                 Charms/Air                   2
   e - Slow                           Hexes                        2
   f - Conjure Flame                  Conjuration/Fire             3
   g - Mephitic Cloud                 Conjuration/Poison/Air       3
Comestibles
 d - a bread ration
 m - a beef jerky


   Skills:
 + Level 0.2 Fighting
 + Level 0.4 Maces & Flails
 + Level 1.0 Armour
 + Level 2.0 Dodging
 + Level 2.3 Stealth
 + Level 3.4 Spellcasting
 + Level 1.7 Conjurations
   Level 0.8 Summonings
   Level 0.8 Translocations


You had 7 spell levels left.
You knew the following spells:

 Your Spells              Type           Power        Failure   Level  Hunger
a - Magic Dart            Conj           #...         21%         1    None


Dungeon Overview and Level Annotations

Branches:
Dungeon (2/15)

Altars:


Innate Abilities, Weirdness & Mutations

You are resistant to torment.
You are immune to poison.
Your stone body is very resilient (AC +3).
You resist negative energy.
You are resistant to electric shocks.
You can survive without breathing.
You are immune to petrification.
You are immune to rotting.


Message History

Confirm with . or Enter, or press ? or * to list all spells.
Aiming: Magic Dart
Press: ? - help, Shift-Dir - straight line, f/p - adder
Aim: an adder (heavily wounded)
The magic dart hits the adder.
The adder is severely wounded.
The adder bites you but does no damage.
Casting: Magic Dart
Confirm with . or Enter, or press ? or * to list all spells.
Aiming: Magic Dart
Press: ? - help, Shift-Dir - straight line, f/p - adder
Aim: an adder (severely wounded)
The magic dart hits the adder.
The adder is almost dead.
The adder bites you. x2
* * * LOW HITPOINT WARNING * * *
You closely miss the adder.
The adder is almost dead.
The adder bites you.
You die...

. #...# ##... ...###..##
#... ........>.. #...
...####.## #.. #.## ..
#.. #.##
....###.#############.##
.........................
....###@#############.##
#S# #.## .r. #.## .....
#.## #...... #.##
#....... #.## #........
#.## #....... #... ...
####


You could see an adder and a rat.

Vanquished Creatures
  A worm (D:2)
  3 goblins
  A hobgoblin (D:1)
  8 jackals
  A kobold (D:1)
  An ooze (D:2)
  A quokka (D:2)
  8 bats
  3 giant geckos
  2 giant newts (D:2)
  5 rats
34 creatures vanquished.

Notes
Turn   | Place    | Note
--------------------------------------------------------------
     0 | D:1      | DarkTechnomancer, the Gargoyle Wizard, began the quest for the Orb.
     0 | D:1      | Reached XP level 1. HP: 10/10 MP: 4/4
   317 | D:1      | Reached XP level 2. HP: 10/15 MP: 0/6
   884 | D:2      | Reached XP level 3. HP: 19/19 MP: 4/8
  1501 | D:2      | Reached skill level 1 in Armour
  1518 | D:2      | Slain by an adder

Action                   || total
-------------------------++-------
Melee: Club              ||    55
       Unarmed           ||     9
       Mace              ||    30
 Cast: Magic Dart        ||    69
  Eat: Chunk             ||     2
       Bread ration      ||     1
